[Event "Team 45 45 League T45"]
[Site "Internet Chess Club"]
[Date "2010.06.04"]
[Round "5"]
[White "lamon2000"]
[Black "fledermaus"]
[Result "1/2-1/2"]
[WhiteElo "1970"]
[BlackElo "1962"]
[Opening "QGD: Orthodox defense"]
[ECO "D60"]
[Time "18:31:31"]
[TimeControl "2700+45"]

1. d4 d5 2. c4 e6 3. Nc3 Be7 4. Nf3 Nf6 5. Bg5 Nbd7 6. e3 O-O 7. cxd5 exd5 8.
Bd3 Re8 9. O-O c6 10. h3 Ne4 11. Bf4 Ndf6 12. Qc2 Nd6 13. Rfe1 g6 14. Re2 Bf8
15. Rae1 Bf5 16. Bxf5 Nxf5 17. e4 dxe4 18. Nxe4 Nxe4 19. Rxe4 Rxe4 20. Qxe4 Qa5
21. a3 Rd8 22. Bg5 Rc8 23. Bf6 Qd5 24. Qxd5 cxd5 25. Kf1 Nd6 {Game drawn by
mutual agreement} 1/2-1/2

[Event "Team 45 45 League T45"]
[Site "Internet Chess Club"]
[Date "2010.06.09"]
[Round "5"]
[White "baumhauer"]
[Black "egyptiantiger"]
[Result "0-1"]
[WhiteElo "1922"]
[BlackElo "2109"]
[Opening "Sicilian: Grand Prix attack"]
[ECO "B21"]
[Time "04:22:12"]
[TimeControl "2700+45"]

1. e4 c5 2. f4 d5 3. exd5 Qxd5 4. Nc3 Qd8 5. Nf3 Nf6 6. Bb5+ Bd7 7. Bc4 Nc6 8.
O-O e6 9. Ne5 Bd6 10. Nxd7 Qxd7 11. d3 O-O 12. Ne4 Be7 13. Bd2 Nxe4 14. dxe4
Qd4+ {White resigns} 0-1

[Event "Team 45 45 League T45"]
[Site "Internet Chess Club"]
[Date "2010.06.03"]
[Round "5"]
[White "ITurnYouOn"]
[Black "easycure"]
[Result "0-1"]
[WhiteElo "2268"]
[BlackElo "2374"]
[Opening "Durkin's attack"]
[ECO "A00"]
[Time "10:00:30"]
[TimeControl "2700+45"]

1. Na3 e5 2. Nc4 Nc6 3. e4 Nf6 4. d3 d5 5. exd5 Qxd5 6. Bg5 Be6 7. Nf3 O-O-O 8.
Qc1 h6 9. Bxf6 gxf6 10. Ne3 Qd7 11. Be2 f5 12. O-O Rg8 13. Kh1 f4 14. Nd1 Bc5
15. c3 Bd6 16. Nd2 f5 17. b4 Qg7 18. Bf3 e4 19. dxe4 Ne5 20. Rg1 Nxf3 21. Nxf3
fxe4 22. Nd4 Bh3 23. g3 e3 24. fxe3 fxg3 25. hxg3 Bxg3 26. Ne2 Qe5 27. Nxg3 Rxg3
28. Rxg3 Qxg3 29. Qc2 Rf8 30. Qe2 Rf1+ 31. Qxf1 Bxf1 32. Nf2 Qg2# {White
checkmated} 0-1

[Event "Team 45 45 League T45"]
[Site "Internet Chess Club"]
[Date "2010.06.07"]
[Round "5"]
[White "Ser-Enigma"]
[Black "NFork"]
[Result "0-1"]
[WhiteElo "2121"]
[BlackElo "2282"]
[Opening "Queen's pawn: Yusupov-Rubinstein system"]
[ECO "A46"]
[Time "15:04:26"]
[TimeControl "2700+45"]

1. d4 Nf6 2. Nf3 e6 3. e3 c5 4. Bd3 b6 5. b3 Bb7 6. Nbd2 Nc6 7. Bb2 Nb4 8. Be2
cxd4 9. exd4 Rc8 10. c4 d5 11. a3 Nc6 12. O-O Bd6 13. Qc2 Qc7 14. Rac1 O-O 15.
Bd3 Qe7 16. Nb1 Na5 17. Ne5 dxc4 18. bxc4 Nxc4 19. Bxc4 b5 20. Qb3 bxc4 21. Nxc4
Bd5 22. Nbd2 Bf4 23. Qd3 Bxd2 24. Nxd2 Bxg2 25. Kxg2 Qb7+ 26. Nf3 Qxb2 27. Rxc8
Rxc8 28. Qa6 Rc7 29. Qd6 Rd7 30. Rc1 Qxf2+ 31. Kxf2 Ne4+ 32. Ke2 Nxd6 33. Ne5
Rd8 34. Nc6 Ra8 35. Rc5 a6 36. d5 exd5 37. Rxd5 Nb5 38. Rd3 g6 39. a4 Na7 40.
Nb4 Re8+ 41. Kf3 a5 42. Nd5 Re6 43. Nc7 Rf6+ 44. Kg3 Nc6 45. Ne8 Re6 46. Nd6 f5
47. Nb7 Re7 48. Nc5 Ne5 49. Rd8+ Kf7 50. Ra8 Rc7 51. Rxa5 Nc4 52. Rb5 Nd6 53.
Rb6 Rxc5 54. Rxd6 Rc3+ 55. Kg2 Ra3 56. Ra6 Kg7 57. Ra7+ Kh6 58. h4 f4 59. a5 Kh5
60. Rxh7+ Kg4 61. Rg7 Rg3+ 62. Kf2 Kxh4 63. a6 g5 64. a7 Ra3 65. Rh7+ Kg4 66.
Rg7 Ra2+ 67. Kg1 Kh4 68. Kf1 g4 69. Rc7 Kg3 70. Rc3+ f3 71. Rc1 Rxa7 72. Kg1 Ra2
73. Rb1 Kh3 74. Rb8 Kg3 75. Rb1 Re2 76. Kf1 Rh2 77. Kg1 f2+ 78. Kf1 Rh1+ {White
resigns} 0-1

[Event "Team 45 45 League T45"]
[Site "Internet Chess Club"]
[Date "2010.06.06"]
[Round "5"]
[White "saksipotku"]
[Black "jorobo"]
[Result "1/2-1/2"]
[WhiteElo "2119"]
[BlackElo "2144"]
[Opening "French: Schlechter variation"]
[ECO "C01"]
[Time "07:01:16"]
[TimeControl "2700+45"]

1. e4 e6 2. d4 d5 3. Bd3 Nf6 4. e5 Nfd7 5. Nf3 c5 6. c3 Nc6 7. O-O g6 8. Qe2 Bg7
9. Bg5 Qb6 10. dxc5 Qc7 11. b4 Ncxe5 12. Nxe5 Bxe5 13. f4 h6 14. fxe5 hxg5 15.
Bb5 a6 16. Bxd7+ Bxd7 17. Qe3 g4 18. Nd2 Rh5 19. Rae1 f5 20. Nb3 Kf7 21. g3 Rah8
22. Rf2 Bb5 23. Nd4 Qe7 24. Nxb5 axb5 25. Qe2 Qe8 26. Ra1 Kg7 27. Qc2 Qb8 28.
Qe2 Qe8 29. Qc2 Qb8 30. Qe2 {Game drawn by mutual agreement} 1/2-1/2

[Event "Team 45 45 League T45"]
[Site "Internet Chess Club"]
[Date "2010.06.07"]
[Round "5"]
[White "TerryMalloy"]
[Black "LucaTrapani"]
[Result "1-0"]
[WhiteElo "2033"]
[BlackElo "2077"]
[Opening "French: advance, Paulsen attack"]
[ECO "C02"]
[Time "19:13:03"]
[TimeControl "2700+45"]

1. e4 e6 2. d4 d5 3. e5 c5 4. c3 Nc6 5. Nf3 Qb6 6. a3 c4 7. Nbd2 Bd7 8. b3 cxb3
9. Nxb3 Na5 10. Nxa5 Qxa5 11. Bd2 Qc7 12. Bd3 Nh6 13. O-O Nf5 14. Qb3 Qb6 15.
Qxb6 axb6 16. Rfb1 Rxa3 17. Rxa3 Bxa3 18. Ra1 Be7 19. Bxf5 exf5 20. Ra8+ Bd8 21.
Bg5 f6 22. exf6 O-O 23. fxg7 Kxg7 24. Rxd8 {Black resigns} 1-0

[Event "Team 45 45 League T45"]
[Site "Internet Chess Club"]
[Date "2010.06.08"]
[Round "5"]
[White "Uwak"]
[Black "eurander"]
[Result "1-0"]
[WhiteElo "2434"]
[BlackElo "2237"]
[Opening "Caro-Kann: advance variation"]
[ECO "B12"]
[Time "11:00:54"]
[TimeControl "2700+45"]

1. e4 c6 2. d4 d5 3. e5 c5 4. Nf3 Nc6 5. dxc5 Bg4 6. c3 e6 7. Be3 Bxf3 8. Qxf3
Nxe5 9. Bb5+ Nd7 10. c4 Nf6 11. cxd5 Nxd5 12. Nc3 Nxe3 13. fxe3 a6 14. O-O f5
15. Ba4 Qc7 16. b4 O-O-O 17. Bb3 Re8 18. Rac1 Ne5 19. Qh3 g6 20. Rcd1 Bg7 21.
Na4 Kb8 22. Nb6 Re7 23. Ba4 Ng4 24. Rd6 Be5 25. Nd7+ Ka8 26. Nxe5 Nxe5 27. Rfd1
Nc4 28. Bb3 Ne5 29. Qh4 Ng4 30. h3 Nxe3 31. Qd4 {Black resigns} 1-0

[Event "Team 45 45 League T45"]
[Site "Internet Chess Club"]
[Date "2010.06.07"]
[Round "5"]
[White "frontier"]
[Black "deepbloopers"]
[Result "1/2-1/2"]
[WhiteElo "2258"]
[BlackElo "2247"]
[Opening "English opening"]
[ECO "A16"]
[Time "20:00:11"]
[TimeControl "2700+45"]

1. c4 Nf6 2. Nc3 g6 3. g3 Bg7 4. Bg2 O-O 5. d3 d6 6. e4 e5 7. Nge2 Nc6 8. O-O
Nd4 9. h3 c6 10. Be3 Nd7 11. f4 Rb8 12. Qd2 a6 13. Rf2 b5 14. Raf1 b4 15. Nd1
Qa5 16. f5 Nxe2+ 17. Qxe2 f6 18. fxg6 hxg6 19. b3 Nc5 20. d4 Ne6 21. d5 cxd5 22.
exd5 Nc5 23. g4 Rb7 24. Qc2 f5 25. gxf5 gxf5 26. Rxf5 Rxf5 27. Rxf5 Bxf5 28.
Qxf5 Rf7 29. Qg6 Qxa2 30. Qxd6 Qxb3 31. Bxc5 Qxd1+ 32. Kh2 Qh5 33. Bxb4 e4 34.
Qd8+ Rf8 35. Bxf8 Be5+ 36. Kg1 Bd4+ 37. Kh2 Be5+ 38. Kg1 Bd4+ 39. Kh2 Be5+ {Game
drawn by repetition} 1/2-1/2

[Event "Team 45 45 League T45"]
[Site "Internet Chess Club"]
[Date "2010.06.11"]
[Round "5"]
[White "technika"]
[Black "Freitac"]
[Result "1-0"]
[WhiteElo "2025"]
[BlackElo "1963"]
[Opening "Caro-Kann: advance variation"]
[ECO "B12"]
[Time "17:07:40"]
[TimeControl "2700+45"]

1. e4 c6 2. d4 d5 3. e5 c5 4. Ne2 Nc6 5. c3 Bg4 6. h3 Bd7 7. Qb3 e6 8. Bf4 Nge7
9. Nd2 Ng6 10. Bh2 Be7 11. Nf3 b5 12. Nf4 c4 13. Qc2 b4 14. Be2 bxc3 15. bxc3
Rb8 16. O-O O-O 17. Rab1 Qa5 18. Rxb8 Rxb8 19. Nxg6 hxg6 20. Bf4 Rb5 21. Rd1 Ba3
22. Bc1 Bxc1 23. Rxc1 Qb6 24. Qd2 Rb2 25. Rc2 Rb1+ 26. Kh2 Na5 27. Qg5 Nc6 28.
h4 Rb2 29. Rd2 Rxd2 30. Qxd2 Qb1 31. Ng5 a5 32. h5 Ne7 33. Qf4 Be8 34. Bg4 Qxa2
35. Nxe6 Qc2 36. Nc7 g5 37. Qxg5 Kf8 38. h6 Qg6 39. hxg7+ Qxg7 40. Qxg7+ Kxg7
41. Nxe8+ Kf8 42. Bd7 Ng6 43. Ba4 Ke7 44. Nf6 Nf4 45. g3 Ne2 46. Nxd5+ Ke6 47.
Nf4+ {Black resigns} 1-0

[Event "Team 45 45 League T45"]
[Site "Internet Chess Club"]
[Date "2010.06.06"]
[Round "5"]
[White "jefferyx"]
[Black "BRAINWAVE"]
[Result "1-0"]
[WhiteElo "2074"]
[BlackElo "1797"]
[Opening "King's pawn opening"]
[ECO "B07"]
[Time "09:26:23"]
[TimeControl "2700+45"]

1. e4 d6 2. d4 g6 3. Nf3 Bg7 4. Be2 e6 5. O-O Ne7 6. Be3 b6 7. c4 Bb7 8. Nc3 Nd7
9. Qd2 h6 10. Rad1 a6 11. Bf4 Nf6 12. e5 Nh5 13. Be3 g5 14. Ne1 Nf4 15. Bxf4
gxf4 16. Qxf4 Ng6 17. Qg3 Qe7 18. exd6 Qxd6 19. Qxd6 cxd6 20. Bf3 Bxf3 21. Nxf3
Rc8 22. Ne4 Ke7 23. b3 Rhg8 24. Rfe1 Nf4 25. g3 Nh5 26. Nh4 Nf6 27. d5 Nxe4 28.
Rxe4 e5 29. f4 Kd7 30. Nf5 f6 31. Rf1 b5 32. fxe5 fxe5 33. Rg4 Bf6 34. Rxg8 Rxg8
35. Nxd6 Be7 36. Nf5 bxc4 37. bxc4 Bc5+ 38. Kg2 h5 39. Kf3 Rg4 40. Rc1 e4+ 41.
Ke2 Rg8 42. Rb1 Kc7 43. d6+ Kc6 44. Ne7+ {Black resigns} 1-0

[Event "Team 45 45 League T45"]
[Site "Internet Chess Club"]
[Date "2010.06.07"]
[Round "5"]
[White "f5"]
[Black "YoniKer"]
[Result "0-1"]
[WhiteElo "2099"]
[BlackElo "2099"]
[Opening "Scotch game"]
[ECO "C45"]
[Time "14:05:15"]
[TimeControl "2700+45"]

1. e4 e5 2. Nf3 Nc6 3. d4 exd4 4. Nxd4 Nxd4 5. Qxd4 Ne7 6. Be3 Nc6 7. Qd2 Bb4 8.
c3 Be7 9. Be2 O-O 10. O-O d6 11. Na3 Be6 12. Nc2 d5 13. exd5 Qxd5 14. Qxd5 Bxd5
15. Bf4 Rac8 16. Ne3 Be6 17. Bf3 Rfd8 18. Rfd1 Rxd1+ 19. Rxd1 Rd8 20. Rxd8+ Bxd8
21. Nd5 g5 22. Bg3 f5 23. Nxc7 Bxa2 24. Bd6 g4 25. Be2 a6 26. Bd3 Bxc7 27. Bxc7
Be6 28. g3 Kf7 29. f3 h5 30. Kf2 Kf6 31. f4 Ke7 32. Ke3 Kf6 33. b4 Bb3 34. Bb6
Ke6 35. Bc5 b5 36. Kd2 Ba2 37. Kc2 Bc4 38. Bxc4+ bxc4 39. Kb2 Kd5 40. Ka3 Ke4
41. Ka4 Kf3 42. b5 axb5+ 43. Kxb5 Kg2 44. Kxc6 Kxh2 45. Kd5 Kxg3 46. Ke5 h4 47.
Kxf5 h3 48. Bg1 Kf3 {White resigns} 0-1

[Event "Team 45 45 League T45"]
[Site "Internet Chess Club"]
[Date "2010.06.08"]
[Round "5"]
[White "Positron"]
[Black "chiiwen"]
[Result "1-0"]
[WhiteElo "2187"]
[BlackElo "2158"]
[Opening "Sicilian defense"]
[ECO "B20"]
[Time "21:30:19"]
[TimeControl "2700+45"]

1. e4 c5 2. Na3 e6 3. c4 Nc6 4. d3 d6 5. Be2 g6 6. f4 Bg7 7. Nf3 Nge7 8. O-O O-O
9. Nc2 d5 10. Rb1 Qc7 11. Be3 b6 12. b4 cxb4 13. cxd5 exd5 14. Nxb4 Nxb4 15.
Rxb4 dxe4 16. dxe4 Be6 17. Qa4 Rac8 18. Rc1 Qb8 19. Rbb1 Rxc1+ 20. Rxc1 Rd8 21.
Kf2 h6 22. g3 Kh7 23. h4 Bd7 24. Bb5 Bxb5 25. Qxb5 Qb7 26. Qc4 Kg8 27. Qc7 Rd7
28. Qxb7 Rxb7 29. Bd2 Rd7 30. Bb4 a5 31. Bxe7 Rxe7 32. Rc8+ Kh7 33. Ke3 Bb2 34.
e5 Rd7 35. Nd2 Ba3 36. Ne4 Be7 37. Rc6 b5 38. Nd6 f6 39. Ke4 fxe5 40. fxe5 b4
41. Kd5 Bd8 42. e6 Rg7 43. Nf7 Bf6 44. Ra6 Rg8 45. Rxa5 Rb8 46. Nd6 b3 47. axb3
Rxb3 48. Ra7+ Kg8 49. Ra8+ Kh7 50. Ne4 Bd8 51. Rxd8 Rd3+ 52. Ke5 Rxd8 53. e7
{Black resigns} 1-0

[Event "Team 45 45 League T45"]
[Site "Internet Chess Club"]
[Date "2010.06.03"]
[Round "5"]
[White "Darkwizard1"]
[Black "chess9793"]
[Result "1/2-1/2"]
[WhiteElo "1928"]
[BlackElo "2033"]
[Opening "Sicilian: Keres variation (2.Ne2)"]
[ECO "B20"]
[Time "22:00:17"]
[TimeControl "2700+45"]

1. e4 c5 2. Ne2 Nc6 3. g3 g6 4. c4 Bg7 5. Bg2 d6 6. O-O e6 7. Nbc3 Nge7 8. d3
O-O 9. f4 Rb8 10. Be3 Nd4 11. Rb1 Nec6 12. a3 b5 13. cxb5 Nxb5 14. Nxb5 Rxb5 15.
Nc3 Rb8 16. e5 Nd4 17. exd6 Qxd6 18. Ne4 Qb6 19. b4 Qd8 20. Nxc5 Nf5 21. Bf2 Bd4
22. Qa4 Ne3 23. Bxe3 Bxe3+ 24. Kh1 Bxc5 25. bxc5 Rxb1 26. Rxb1 Qxd3 27. Rd1 Qa6
28. Qxa6 Bxa6 29. Rd7 Rc8 30. Rxa7 Rxc5 31. h3 Ra5 32. Bf1 Rxa3 33. Rxa6 Rxg3
34. Bg2 Rd3 35. Kh2 h5 36. Ra4 Kg7 37. Bf1 Rd1 38. Be2 Rd2 39. Re4 Kf6 40. Kg3
Rd5 41. Bf3 Rf5 42. Rb4 e5 43. Rb6+ Kg7 44. fxe5 Rxe5 45. h4 Ra5 46. Be2 Rc5 47.
Bd3 Rc3 48. Rd6 Rc5 49. Kf4 Ra5 50. Rd7 Rc5 51. Be4 Rc1 52. Ke5 Rf1 53. Bd5 Rf6
54. Rd8 Rf5+ 55. Kd6 Rf4 56. Ke5 Rxh4 57. Rd7 Kh6 58. Bxf7 Rh1 59. Bg8 Re1+ 60.
Kf4 Rf1+ 61. Kg3 Ra1 62. Bd5 Ra3+ 63. Bf3 g5 64. Rd6+ Kg7 65. Kf2 g4 66. Be4 g3+
67. Kg2 h4 68. Kh3 Ra2 69. Rg6+ Kf7 70. Kxh4 Ra4 71. Rg4 g2 72. Kh3 Rxe4 73.
Rxg2 {Game drawn by mutual agreement} 1/2-1/2

[Event "Team 45 45 League T45"]
[Site "Internet Chess Club"]
[Date "2010.06.05"]
[Round "5"]
[White "Telos"]
[Black "MaartenKoning"]
[Result "1-0"]
[WhiteElo "2430"]
[BlackElo "2296"]
[Opening "Benkö gambit accepted"]
[ECO "A58"]
[Time "10:09:55"]
[TimeControl "2700+45"]

1. d4 Nf6 2. c4 c5 3. d5 b5 4. cxb5 a6 5. bxa6 g6 6. b3 Bg7 7. Bb2 O-O 8. g3
Nxa6 9. Bg2 Bb7 10. Nh3 e6 11. O-O Nxd5 12. Bxg7 Kxg7 13. Nf4 Nac7 14. Nxd5 Nxd5
15. e4 Nf6 16. e5 Bxg2 17. Kxg2 Nd5 18. Nd2 f6 19. Nc4 fxe5 20. Nxe5 Qg5 21. Qe1
Rad8 22. Kh1 d6 23. Nc4 Qf5 24. f4 Nf6 25. Rd1 d5 26. Ne5 Ne4 27. Qe3 Qh3 28.
Kg1 Rf5 29. Rfe1 h5 30. Qf3 h4 31. Qg2 Qxg2+ 32. Kxg2 Rh8 33. Rxe4 dxe4 34. Rd7+
Kh6 35. Nf7+ Rxf7 36. Rxf7 hxg3 37. hxg3 Rd8 38. Re7 Rd2+ 39. Kh3 Rxa2 40. Rxe6
Re2 41. Kg4 Kg7 42. Kg5 Re3 43. Rxg6+ Kf7 44. Rf6+ Ke7 45. g4 Rxb3 46. f5 e3 47.
Re6+ Kf7 48. Kf4 Rb4+ 49. Kf3 c4 50. Re4 Rb7 51. Rxe3 Rc7 52. Rc3 Kf6 53. Kf4
Rc6 54. g5+ Kg7 55. Ke5 Rc5+ 56. Ke6 Rc8 57. Kd5 Rf8 58. Ke5 Rc8 59. Kd4 Rf8 60.
Rf3 Rc8 61. Kc3 Rc5 62. f6+ Kf8 63. Rg3 Rc6 64. Rg4 Rc5 65. g6 Rf5 66. g7+ Kg8
67. Rg6 Rf3+ 68. Kxc4 Rf4+ 69. Kd5 Rf5+ 70. Ke4 Rf1 71. Rh6 Re1+ 72. Kd3 Rd1+
73. Ke2 {Black resigns} 1-0

[Event "Team 45 45 League T45"]
[Site "Internet Chess Club"]
[Date "2010.06.06"]
[Round "5"]
[White "Paulkov"]
[Black "Cuby"]
[Result "1-0"]
[WhiteElo "2236"]
[BlackElo "2246"]
[Opening "Sicilian: Pelikan, Chelyabinsk variation"]
[ECO "B33"]
[Time "13:02:43"]
[TimeControl "2700+45"]

1. e4 c5 2. Nf3 Nc6 3. d4 cxd4 4. Nxd4 Nf6 5. Nc3 e5 6. Ndb5 d6 7. Bg5 a6 8. Na3
b5 9. Nd5 Be7 10. Bxf6 Bxf6 11. c3 Bg5 12. Nc2 Rb8 13. Be2 O-O 14. O-O f5 15.
exf5 Bxf5 16. Ncb4 Nxb4 17. Nxb4 Qb6 18. a4 Be4 19. axb5 Rxf2 20. Rxf2 Be3 21.
Bc4+ Kh8 22. Qe2 axb5 23. Bd5 Rf8 24. Bxe4 Rxf2 25. Kh1 g6 26. Qe1 Bd2 27. Qg1
Qe3 28. Nd5 Qxe4 29. Qxf2 Qxd5 30. Qf8+ {Black resigns} 1-0

[Event "Team 45 45 League T45"]
[Site "Internet Chess Club"]
[Date "2010.06.04"]
[Round "5"]
[White "baris"]
[Black "nb"]
[Result "1/2-1/2"]
[WhiteElo "1965"]
[BlackElo "2046"]
[Opening "Sicilian defense"]
[ECO "B40"]
[Time "15:05:56"]
[TimeControl "2700+45"]

1. e4 c5 2. Nf3 e6 3. d3 d5 4. Nbd2 Nc6 5. g3 dxe4 6. dxe4 Nf6 7. Bg2 Be7 8. O-O
O-O 9. Qe2 e5 10. c3 Re8 11. Nc4 Bf8 12. Bg5 h6 13. Rad1 Qe7 14. Bxf6 Qxf6 15.
Ne3 Ne7 16. Nc4 Ng6 17. Ne3 Be6 18. Nd5 Bxd5 19. exd5 Bd6 20. Nd2 Qe7 21. Qg4
Nf8 22. Ne4 Nh7 23. Rfe1 Nf6 24. Nxf6+ Qxf6 25. Be4 Qg5 26. Qxg5 hxg5 27. g4 g6
28. f3 Kg7 29. Kg2 Rf8 30. h3 f5 31. Bc2 Kf6 32. Re2 c4 33. b4 a5 34. bxa5 Rxa5
35. a4 b5 36. axb5 Rxb5 37. Rb1 Rxd5 38. Rb6 Ra8 39. Rc6 Ra1 40. Rxc4 Rc5 41.
Rxc5 Bxc5 42. c4 Rg1+ 43. Kh2 Rc1 44. Kg2 Bb4 45. Bb3 Rb1 46. Bc2 Rc1 47. Bb3
Rc3 48. Ba2 Bc5 49. Bb1 Rc1 50. Bc2 Bb4 {Game drawn by repetition} 1/2-1/2

[Event "Team 45 45 League T45"]
[Site "Internet Chess Club"]
[Date "2010.06.03"]
[Round "5"]
[White "Seaborgium"]
[Black "noHz"]
[Result "0-1"]
[WhiteElo "2119"]
[BlackElo "2101"]
[Opening "QGD Slav: Krause attack"]
[ECO "D17"]
[Time "15:02:36"]
[TimeControl "2700+45"]

1. Nf3 d5 2. d4 Nf6 3. c4 c6 4. Nc3 dxc4 5. a4 Bf5 6. Ne5 Nbd7 7. Nxc4 Nb6 8.
Ne3 Bg6 9. g3 e6 10. Bg2 a5 11. O-O Be7 12. f4 O-O 13. f5 exf5 14. Nxf5 Bxf5 15.
Rxf5 Nbd5 16. e4 Nb4 17. Be3 Re8 18. Qe2 Qd7 19. Raf1 Rf8 20. Qf2 Ng4 21. Qf4
Nxe3 22. Qxe3 Nc2 23. Qf2 Qxd4 24. Bh3 Qxf2+ 25. Kxf2 Nd4 26. Rf4 g5 {White
resigns} 0-1

[Event "Team 45 45 League T45"]
[Site "Internet Chess Club"]
[Date "2010.06.04"]
[Round "5"]
[White "Stryker672"]
[Black "pestka"]
[Result "1/2-1/2"]
[WhiteElo "1951"]
[BlackElo "2215"]
[Opening "Sicilian: Alapin's variation (2.c3)"]
[ECO "B22"]
[Time "23:44:29"]
[TimeControl "2700+45"]

1. e4 c5 2. c3 Nf6 3. e5 Nd5 4. d4 cxd4 5. Nf3 Nc6 6. cxd4 d6 7. Bc4 Nb6 8. Bb5
Bd7 9. Nc3 a6 10. Be2 dxe5 11. Nxe5 Nxe5 12. dxe5 Bc6 13. O-O Qxd1 14. Rxd1 e6
15. Be3 Nd5 16. Nxd5 Bxd5 17. a3 Rc8 18. Rac1 Rxc1 19. Rxc1 Be7 20. f4 Kd7 21.
Kf2 Rc8 {Game drawn by mutual agreement} 1/2-1/2

[Event "Team 45 45 League T45"]
[Site "Internet Chess Club"]
[Date "2010.06.05"]
[Round "5"]
[White "SlimeDog2"]
[Black "perikitosax"]
[Result "1-0"]
[WhiteElo "2208"]
[BlackElo "1973"]
[Opening "Benoni: fianchetto, 9...Nbd7"]
[ECO "A62"]
[Time "14:12:10"]
[TimeControl "2700+45"]

1. d4 Nf6 2. c4 c5 3. d5 e6 4. Nc3 exd5 5. cxd5 d6 6. Nf3 g6 7. g3 Bg7 8. Bg2
O-O 9. O-O Nbd7 10. Nd2 Nh5 11. Nb5 Ne5 12. Ne4 a6 13. Nbxd6 f5 14. Bg5 Qd7 15.
Nxc8 Raxc8 16. Nc3 f4 17. d6 Qg4 18. Be7 f3 19. Qd5+ Kh8 20. exf3 Rxf3 21. d7
Rb8 22. d8=Q+ Rxd8 23. Qxd8+ {Black resigns} 1-0

[Event "Team 45 45 League T45"]
[Site "Internet Chess Club"]
[Date "2010.06.07"]
[Round "5"]
[White "screamingeagle"]
[Black "Cristina"]
[Result "1-0"]
[WhiteElo "2090"]
[BlackElo "2067"]
[Opening "Philidor: Steinitz variation"]
[ECO "C41"]
[Time "10:05:53"]
[TimeControl "2700+45"]

1. e4 e5 2. Nf3 d6 3. Bc4 Be7 4. c3 Nf6 5. d3 c6 6. a4 b6 7. h3 a6 8. O-O O-O 9.
Re1 Nbd7 10. d4 Qc7 11. Nbd2 Bb7 12. Nf1 b5 13. Bb3 c5 14. d5 c4 15. Bc2 Nc5 16.
Ng3 g6 17. a5 Ne8 18. Nh2 Ng7 19. Ng4 Bc8 20. Nh6+ Kh8 21. f4 exf4 22. Bxf4 Nd7
23. Rf1 Bf6 24. Ng4 Be5 25. Qd2 f6 26. Nxe5 Nxe5 27. Rf2 Bd7 28. Raf1 Kg8 29.
Bh6 Qxa5 30. Rxf6 Rxf6 31. Rxf6 Nf7 32. Rxf7 Kxf7 33. Qf4+ {Black resigns} 1-0

[Event "Team 45 45 League T45"]
[Site "Internet Chess Club"]
[Date "2010.06.04"]
[Round "5"]
[White "itai-ron"]
[Black "VietLion"]
[Result "0-1"]
[WhiteElo "1625"]
[BlackElo "1883"]
[Opening "Benkö gambit accepted"]
[ECO "A58"]
[Time "06:01:57"]
[TimeControl "2700+45"]

1. d4 Nf6 2. c4 c5 3. d5 b5 4. cxb5 a6 5. bxa6 g6 6. e3 Bxa6 7. Bxa6 Nxa6 8. Nc3
d6 9. Nf3 Bg7 10. O-O O-O 11. e4 Ng4 12. h3 Ne5 13. Bf4 Nc4 14. Qe2 Na5 15. Rfc1
Qb6 16. Rab1 Rfb8 17. Bd2 Nb4 18. a3 Nb3 19. Rd1 Nc2 20. Be3 Ncd4 21. Nxd4 cxd4
{White resigns} 0-1

[Event "Team 45 45 League T45"]
[Site "Internet Chess Club"]
[Date "2010.06.06"]
[Round "5"]
[White "John3v16"]
[Black "ticopatzer"]
[Result "1-0"]
[WhiteElo "1702"]
[BlackElo "1597"]
[Opening "English: four knights, 4.e3"]
[ECO "A28"]
[Time "15:00:43"]
[TimeControl "2700+45"]

1. c4 e5 2. Nc3 Nf6 3. Nf3 Nc6 4. e3 Bb4 5. d4 exd4 6. exd4 O-O 7. Be2 Ne4 8.
Qc2 Bxc3+ 9. bxc3 Re8 10. O-O d5 11. Re1 Bg4 12. cxd5 Qxd5 13. Bf4 Qd7 14. Rad1
Na5 15. Ne5 Qf5 16. Bxg4 Qxf4 17. Rxe4 Qg5 18. Bd7 Re7 19. Rde1 f6 20. Nf3 Qg6
21. Nh4 Qf7 22. Rxe7 {Black resigns} 1-0

[Event "Team 45 45 League T45"]
[Site "Internet Chess Club"]
[Date "2010.06.05"]
[Round "5"]
[White "Gilguli"]
[Black "Timotheous"]
[Result "0-1"]
[WhiteElo "1502"]
[BlackElo "1698"]
[Opening "Sicilian defense"]
[ECO "B20"]
[Time "07:33:20"]
[TimeControl "2700+45"]

1. e4 c5 2. a3 g6 3. h4 h5 4. b4 Bg7 5. Nc3 b6 6. Bc4 Bb7 7. Qf3 e6 8. d3 Bxc3+
9. Ke2 Bxa1 10. Nh3 Qf6 11. Qg3 Qd8 12. Bg5 Bf6 13. e5 Bxg5 14. Nxg5 Nh6 15. Qf4
Nf5 16. f3 Qe7 17. Ne4 Bxe4 18. fxe4 Nd4+ 19. Kd1 b5 20. Bb3 Nxb3 21. cxb3 cxb4
22. axb4 Qxb4 23. Rf1 Qxb3+ 24. Ke2 O-O 25. g4 Qc2+ 26. Ke3 Qc5+ 27. Kf3 hxg4+
28. Kxg4 Nc6 29. Kg5 Qxe5+ 30. Kh6 Qxf4+ 31. Rxf4 Ne7 32. h5 b4 33. hxg6 Nxg6
34. Rg4 b3 35. d4 {White resigns} 0-1

[Event "Team 45 45 League T45"]
[Site "Internet Chess Club"]
[Date "2010.06.06"]
[Round "5"]
[White "Skyler"]
[Black "shamos1"]
[Result "0-1"]
[WhiteElo "1364"]
[BlackElo "1347"]
[Opening "Sicilian: Pelikan (Lasker/Sveshnikov) variation"]
[ECO "B33"]
[Time "16:30:36"]
[TimeControl "2700+45"]

1. e4 c5 2. Nf3 Nc6 3. d4 cxd4 4. Nxd4 Nf6 5. Nc3 e5 6. Ndb5 d6 7. Bg5 Be7 8. f3
a6 9. Na3 b5 10. Bxf6 Bxf6 11. Nd5 Qa5+ 12. c3 b4 13. Nc4 Qd8 14. cxb4 Be6 15.
Qa4 Bd7 16. Ncb6 Nd4 17. Nxd7 Qxd7 18. b5 O-O 19. Nb6 axb5 20. Qxd4 Qa7 21. Qxd6
Rfd8 22. Qc6 Qa5+ 23. Qc3 Qxb6 24. Be2 Rac8 25. Qb3 b4 26. a3 Be7 27. a4 Rc5 28.
Qe3 Qa5 29. O-O Rc7 30. b3 Bc5 31. Qxc5 Qxc5+ 32. Kh1 Rdc8 33. Bc4 h6 34. a5 Ra7
35. a6 Rc6 36. Rfd1 Rd6 37. Rdc1 Qc7 38. h3 Rb6 39. Bf1 Qd6 40. Bc4 Kh8 41. Rd1
Qf6 42. Rd5 Rbxa6 43. Bxa6 Rxa6 44. Rxa6 Qxa6 45. Rxe5 Qa1+ 46. Kh2 Qxe5+ 47.
Kh1 Qb2 48. Kh2 Qxb3 49. Kg1 Qc3 50. Kh1 b3 51. Kh2 b2 52. Kg3 b1=Q 53. Kh2 f5
54. exf5 Qe5+ 55. g3 Qc2+ 56. Kg1 Qe1# {White checkmated} 0-1

[Event "Team 45 45 League T45"]
[Site "Internet Chess Club"]
[Date "2010.06.04"]
[Round "5"]
[White "andrew28"]
[Black "civilization"]
[Result "1/2-1/2"]
[WhiteElo "1719"]
[BlackElo "1657"]
[Opening "French: advance, Euwe variation"]
[ECO "B22"]
[Time "17:18:04"]
[TimeControl "2700+45"]

1. e4 c5 2. c3 e6 3. d4 d5 4. e5 Nc6 5. Nf3 Bd7 6. a3 Qb6 7. Be2 Nge7 8. dxc5
Qxc5 9. Be3 Qa5 10. b4 Qd8 11. O-O Ng6 12. Bd4 Qc7 13. Nbd2 Ngxe5 14. Nxe5 Nxe5
15. Rc1 Nc6 16. Nb3 Nxd4 17. Nxd4 a6 18. c4 dxc4 19. Bxc4 Qd8 20. Qf3 Qb6 21.
Rfd1 Be7 22. Qg3 Bf6 23. Nb3 Ba4 24. Rd6 Qa7 25. Nc5 Bc6 26. Bxe6 fxe6 27. Rxe6+
Kf7 28. Qc7+ Kg6 29. Qg3+ Kf7 30. Qc7+ Kg6 31. Qg3+ Kf7 {Game drawn by
repetition} 1/2-1/2